Map: Alcyone LE

Players

Spartacus - Winner!

  • Race: Protoss Protoss
  • League: Platinum
  • Spawn Location: 7:00

Subwayeatn

  • Race: Zerg Zerg
  • League: Platinum
  • Spawn Location: 1:00

VOD

Have the link to the VOD?

Description

Time

  • Played on: Nov. 3, 2023, 12:12 p.m.
  • Length: 11:02
Show
View Real Time Build Order
Export as new Build Order

Spartacus Protoss - Winner!

Build Orders:  

Get SALT Encoding   

  12  0:00  Probe  
  13  0:13  Probe  
  14  0:19  Pylon  
  14  0:25  Probe  
  15  0:38  Probe  
  15  0:41  Gateway  
  16  0:47  Assimilator  
  16  0:50  Probe  
  17  1:02  Probe  
  18  1:15  Gateway  
  18  1:36  Cybernetics Core  
  18  1:37  Zealot  
  20  1:44  Assimilator  
  20  1:45  Probe  
  21  1:55  Pylon  
  21  2:14  Nexus  
  21  2:17  Adept  
  23  2:23  Probe  
  23  2:26  Warp Gate  
  24  2:35  Adept  
  26  2:45  Probe, Pylon  
  27  3:09  Pylon  
  27  3:11  Probe  
  28  3:22  Twilight Council  
  28  3:23  Probe (Chrono Boost)  
  29  3:32  Probe (Chrono Boost)  
  31  3:34  Probe (Chrono Boost)  
  31  3:39  Gateway  
  31  3:40  Probe (Chrono Boost)  
  32  3:50  Probe (Chrono Boost)  
  32  3:55  Gateway  
  33  3:58  Probe (Chrono Boost)  
  35  4:07  Probe (Chrono Boost)  
  35  4:09  Probe (Chrono Boost)  
  36  4:25  Stalker x2  
  40  4:33  Stalker  
  40  4:36  Probe (Chrono Boost)  
  43  4:39  Blink (Chrono Boost)  
  44  4:46  Probe (Chrono Boost)  
  44  4:50  Probe (Chrono Boost), Forge  
  46  5:01  Probe (Chrono Boost)  
  46  5:05  Stalker x4  
  48  5:26  Protoss Ground Weapons Level 1  
  48  5:31  Gateway  
  48  5:33  Nexus  
  48  5:36  Stalker  
  48  5:41  Stalker  
  52  5:44  Probe (Chrono Boost)  
  52  5:49  Assimilator  
  53  5:53  Probe (Chrono Boost)  
  54  5:57  Pylon  
  54  6:04  Robotics Facility  
  54  6:07  Pylon  
  54  6:11  Assimilator  
  54  6:15  Probe x2  
  56  6:20  Pylon  
  56  6:25  Stalker  
  56  6:26  Stalker  
  56  6:27  Probe  
  56  6:30  Stalker  
  59  6:57  Probe (Chrono Boost)  
  59  7:00  Stalker x2  
  59  7:01  Stalker x2  
  64  7:04  Charge  
  64  7:07  Probe (Chrono Boost)  
  67  7:11  Pylon  
  67  7:12  Pylon, Probe (Chrono Boost)  
  68  7:20  Pylon  
  68  7:21  Pylon  
  68  7:24  Zealot, Probe  
  68  7:25  Stalker  
  68  7:28  Protoss Ground Armor Level 1  
  72  7:36  Probe  
  69  7:38  Pylon  
  69  7:42  Zealot  
  69  7:43  Zealot  
  69  7:44  Zealot  
  69  7:48  Probe (Chrono Boost)  
  69  7:50  Zealot  
  71  8:00  Probe (Chrono Boost)  
  71  8:05  Probe (Chrono Boost)  
  71  8:11  Observer (Chrono Boost)  
  73  8:14  Probe  
  74  8:23  Templar Archives  
  74  8:26  Warp Prism (Chrono Boost)  
  76  8:36  Dark Shrine  
  76  8:43  Stalker  
  78  9:05  Gateway  
  78  9:08  Gateway, Probe  
  79  9:11  Gateway  
  79  9:13  Gateway  
  79  9:17  Zealot x2  
  79  9:18  Zealot x2  
  79  9:20  Probe  
  79  9:22  Psionic Storm  
  88  9:40  Observer  
  89  9:49  Nexus  
  89  9:51  Pylon  
  89  10:01  Observer  
  90  10:09  Stalker x3  
  90  10:10  Stalker  
  90  10:11  Stalker  
  96  10:22  Observer, Zealot x3  
  97  10:42  Zealot  
  97  10:43  Zealot x2  
  97  10:45  Zealot x5  
Show
View Real Time Build Order
Export as new Build Order

Subwayeatn Zerg 

Build Orders: Pool First 

Get SALT Encoding   

  12  0:00  Drone  
  13  0:08  Drone  
  14  0:15  Extractor  
  13  0:28  Spawning Pool  
  12  0:59  Hatchery  
  11  1:13  Drone  
  13  1:23  Queen  
  14  1:33  Metabolic Boost  
  14  1:42  Overlord  
  14  2:13  Queen  
  16  2:20  Queen  
  20  2:44  Drone x2  
  20  2:54  Zergling x10  
  20  2:55  Zergling x2  
  20  2:56  Zergling x2  
  27  3:26  Overlord  
  27  3:31  Overlord  
  27  3:37  Hatchery  
  26  3:48  Drone x3  
  29  3:49  Extractor  
  28  3:59  Drone x2  
  30  4:13  Drone x2  
  30  4:14  Drone  
  33  4:27  Overlord  
  33  4:38  Overlord  
  33  4:42  Drone x2  
  33  4:43  Drone  
  35  5:07  Queen  
  33  5:12  Drone x4  
  39  5:25  Spine Crawler  
  38  5:33  Drone x8  
  46  5:42  Lair  
  46  5:51  Zergling x2  
  46  5:52  Zergling x6  
  50  6:04  Overlord  
  50  6:07  Overlord  
  50  6:08  Overlord  
  50  6:25  Evolution Chamber  
  50  6:26  Evolution Chamber  
  50  6:29  Queen  
  50  6:50  Zergling x18  
  50  6:51  Zergling x8  
  59  7:07  Zergling x20  
  69  7:15  Zerg Melee Weapons Level 1, Zerg Missile Weapons Level 1  
  69  7:21  Extractor  
  67  7:23  Extractor  
  45  7:50  Queen  
  42  7:52  Overseer  
  42  7:54  Drone  
  42  7:55  Drone x3  
  42  7:56  Drone x2  
  48  8:07  Hydralisk Den  
  48  8:08  Baneling Nest  
  48  8:09  Overseer  
  47  8:12  Drone  
  47  8:13  Drone x9, Extractor  
  55  8:27  Spine Crawler  
  52  8:36  Zergling x2  
  52  8:38  Grooved Spines  
  53  8:41  Pneumatized Carapace  
  53  8:52  Drone x2  
  53  8:53  Drone  
  53  8:54  Overlord  
  56  9:00  Drone x5  
  56  9:02  Drone  
  62  9:05  Drone x8  
  62  9:06  Drone  
  71  9:34  Zergling x2  
  71  9:35  Zergling x2  
  73  9:38  Zergling x2  
  73  9:39  Zergling x16  
  73  9:41  Centrifugal Hooks  
  82  9:59  Extractor  
  81  10:00  Zergling x2  
  81  10:01  Overlord  
  81  10:02  Overlord x3  
  81  10:06  Baneling x13  
  81  10:07  Baneling x5  
Tags
 
Matchup
PvZ
Opening
Pool First
Replay Pack
Multiplayer
Spawn Locations
Cross Positions
Add a new tag
Caveats
  • Supply blocks, unpowered buildings, or Contaminate may cause inaccurate times.
  • Supply counts are checked every 10 seconds.